Map: [ESL] Data-C

Players

FightingFrog - Winner!

  • Race: Protoss Protoss
  • Spawn Location: 9:00

BabyMarine

  • Race: Terran Terran
  • Spawn Location: 3:00

Event: DreamHack SC2 Masters 2022 Valencia

VOD

Have the link to the VOD?

Description

Time

  • Played on: July 1, 2022, 10:54 a.m.
  • Length: 24:18

All games in this series

Show
View Real Time Build Order
Export as new Build Order

FightingFrog Protoss - Winner!

Build Orders: 1 Gate Expand, Phoenix Opening, Blink Stalkers, Carriers 

Get SALT Encoding   

  12  0:00  Probe  
  13  0:12  Probe  
  14  0:18  Pylon  
  14  0:24  Probe (Chrono Boost)  
  15  0:36  Probe (Chrono Boost)  
  15  0:37  Gateway  
  16  0:45  Probe (Chrono Boost)  
  16  0:46  Assimilator  
  17  0:51  Probe  
  18  1:03  Probe  
  19  1:15  Probe  
  20  1:26  Cybernetics Core  
  20  1:27  Probe  
  21  1:41  Nexus  
  21  1:44  Pylon  
  21  1:53  Assimilator  
  21  2:01  Adept (Chrono Boost)  
  21  2:02  Probe  
  21  2:05  Warp Gate (Chrono Boost)  
  24  2:15  Probe  
  25  2:16  Shield Battery  
  25  2:23  Adept (Chrono Boost)  
  25  2:27  Probe  
  28  2:34  Twilight Council  
  28  2:39  Probe  
  29  2:48  Sentry  
  31  2:52  Probe  
  31  2:54  Probe, Gateway  
  33  3:04  Probe  
  34  3:06  Probe  
  34  3:12  Blink (Chrono Boost)  
  35  3:17  Probe  
  35  3:18  Probe  
  37  3:29  Probe  
  37  3:30  Probe  
  39  3:41  Probe  
  40  3:42  Probe  
  41  3:53  Probe  
  41  3:54  Stalker, Probe  
  45  3:58  Phoenix  
  45  4:02  Pylon  
  45  4:05  Probe  
  45  4:06  Robotics Facility  
  45  4:07  Assimilator  
  45  4:09  Nexus  
  46  4:20  Probe x2  
  46  4:21  Stalker  
  46  4:22  Stalker  
  52  4:32  Probe x2  
  52  4:33  Pylon x2  
  54  4:44  Shield Battery  
  54  4:51  Probe  
  54  4:52  Sentry x2  
  57  4:53  Pylon  
  57  4:54  Immortal  
  63  5:00  Probe  
  63  5:02  Assimilator  
  63  5:03  Probe  
  65  5:08  Charge (Chrono Boost)  
  65  5:12  Probe  
  66  5:14  Forge  
  66  5:15  Probe  
  66  5:19  Pylon  
  65  5:23  Sentry  
  65  5:24  Stalker, Probe  
  65  5:27  Probe  
  71  5:33  Probe  
  72  5:37  Probe  
  72  5:39  Probe  
  74  5:45  Observer (Chrono Boost), Probe  
  74  5:49  Probe, Assimilator  
  77  5:51  Probe  
  77  5:53  Shield Battery  
  77  5:54  Assimilator  
  77  5:55  Robotics Bay  
  78  5:57  Probe  
  78  5:58  Gateway  
  78  6:01  Probe, Gateway  
  80  6:07  Probe  
  80  6:11  Probe  
  82  6:13  Probe  
  87  6:19  Observer (Chrono Boost)  
  87  6:21  Probe  
  87  6:23  Stalker x2, Shield Battery  
  89  6:26  Gateway  
  89  6:28  Phoenix  
  89  6:29  Probe  
  89  6:32  Pylon  
  90  6:35  Pylon, Probe x2  
  92  6:41  Probe  
  92  6:44  Colossus (Chrono Boost)  
  93  6:47  Probe  
  93  6:48  Probe  
  93  6:53  Probe  
  102  6:55  Stalker  
  104  7:02  Forge  
  104  7:04  Pylon  
  104  7:06  Stalker x2  
  108  7:08  Stalker  
  110  7:17  Pylon  
  110  7:20  Stalker, Pylon  
  110  7:21  Stalker  
  114  7:24  Pylon  
  114  7:28  Colossus (Chrono Boost)  
  114  7:35  Probe  
  114  7:36  Probe  
  121  7:40  Probe  
  121  7:41  Stalker x2  
  121  7:42  Stalker  
  124  7:47  Probe  
  126  7:56  Forge  
  127  8:01  Stalker x2  
  129  8:08  Protoss Ground Armor Level 1 (Chrono Boost)  
  129  8:14  Stalker x3  
  135  8:20  Pylon  
  135  8:21  Robotics Facility  
  135  8:26  Observer (Chrono Boost)  
  136  8:28  Robotics Bay  
  136  8:32  Probe  
  137  8:35  Probe  
  137  8:38  Probe  
  137  8:44  Probe  
  137  8:45  Observer  
  138  8:50  Stalker x5  
  138  8:54  Observer  
  149  8:55  Pylon  
  149  8:59  Protoss Ground Weapons Level 1 (Chrono Boost)  
  149  9:13  Pylon  
  149  9:14  Pylon, Colossus (Chrono Boost)  
  149  9:16  Templar Archives, Colossus (Chrono Boost)  
  155  9:19  Gateway  
  155  9:22  Gateway  
  160  9:24  Gateway  
  160  9:26  Gateway  
  160  9:27  Gateway  
  160  9:30  Pylon  
  160  9:43  Photon Cannon  
  160  9:50  Photon Cannon  
  160  9:52  Photon Cannon  
  160  9:56  Photon Cannon  
  160  9:57  Nexus, Disruptor (Chrono Boost)  
  160  9:58  Pylon  
  163  10:00  Zealot x4  
  163  10:06  Disruptor (Chrono Boost)  
  174  10:08  Protoss Air Weapons Level 1  
  174  10:12  Pylon  
  174  10:13  Pylon  
  173  10:21  Pylon  
  173  10:27  Phoenix  
  173  10:29  Disruptor  
  173  10:33  Nexus  
  173  10:35  Pylon  
  176  10:37  Observer  
  175  10:53  Zealot x6  
  175  10:54  Zealot x4  
  189  11:13  Probe  
  189  11:17  Probe  
  163  11:20  Zealot x10  
  163  11:22  Probe, Protoss Ground Weapons Level 2 (Chrono Boost)  
  163  11:23  Disruptor x2  
  163  11:25  Protoss Ground Armor Level 2 (Chrono Boost)  
  188  11:28  Photon Cannon  
  188  11:29  Shield Battery  
  188  11:39  Probe  
  187  11:40  Probe  
  187  11:42  Probe  
  182  11:51  Zealot x9  
  188  12:01  Assimilator  
  188  12:03  Assimilator  
  188  12:06  Observer x2  
  190  12:09  Stalker  
  190  12:10  Photon Cannon  
  151  12:46  Colossus x2  
  153  12:56  Zealot x5  
  153  12:57  Zealot x5  
  153  12:58  Probe  
  153  13:24  Sentry  
  155  13:30  Photon Cannon  
  155  13:33  Pylon  
  155  13:35  Pylon  
  155  13:36  Stalker x9  
  172  13:51  Probe  
  172  13:55  Stalker  
  175  13:56  Disruptor x2  
  175  13:57  Protoss Ground Armor Level 3 (Chrono Boost)  
  177  14:16  Sentry  
  179  14:17  Psionic Storm, Protoss Ground Weapons Level 3 (Chrono Boost)  
  179  14:20  Photon Cannon  
  179  14:22  Photon Cannon  
  179  14:23  Photon Cannon  
  179  14:25  Pylon  
  179  14:29  High Templar x2  
  183  14:32  High Templar x2  
  187  14:39  Stargate  
  187  14:42  Probe  
  188  14:48  Observer, Disruptor  
  191  14:54  Photon Cannon  
  191  14:55  Photon Cannon  
  191  14:57  Photon Cannon  
  191  14:58  Photon Cannon  
  191  15:00  Shield Battery  
  191  15:01  Pylon  
  191  15:05  Pylon  
  189  15:22  Nexus  
  189  15:25  Pylon  
  189  15:26  Cybernetics Core  
  189  15:34  Protoss Air Armor Level 1 (Chrono Boost), Stargate x2, Fleet Beacon  
  189  15:37  Stargate  
  189  15:47  High Templar  
  189  15:48  High Templar  
  193  15:56  Assimilator  
  193  16:01  Assimilator  
  193  16:03  Photon Cannon  
  193  16:05  Shield Battery  
  193  16:06  Pylon  
  191  16:14  Photon Cannon  
  191  16:17  Photon Cannon x2  
  189  16:20  High Templar  
  189  16:21  Photon Cannon  
  189  16:22  Zealot x4  
  185  16:36  Archon  
  162  16:40  Zealot x5  
  162  16:42  Disruptor x2  
  162  16:43  Probe  
  162  16:45  Probe  
  152  16:51  High Templar  
  152  16:54  Nexus  
  152  16:56  Carrier (Chrono Boost)  
  152  16:57  Pylon  
  164  17:02  High Templar  
  164  17:03  High Templar x2  
  164  17:05  High Templar  
  164  17:06  Carrier (Chrono Boost), Protoss Air Weapons Level 2 (Chrono Boost)  
  164  17:07  High Templar  
  180  17:17  Disruptor  
  180  17:18  Disruptor  
  180  17:22  Carrier (Chrono Boost)  
  188  17:23  Protoss Shields Level 1  
  188  17:27  Carrier (Chrono Boost)  
  188  17:44  High Templar  
  188  17:50  Stalker x2  
  194  17:53  Carrier  
  198  17:59  Archon  
  188  18:23  Carrier x2  
  190  18:37  Carrier  
  186  18:57  Carrier  
  186  19:01  Protoss Air Armor Level 2 (Chrono Boost)  
  190  19:04  Sentry  
  192  19:13  Nexus  
  192  19:28  Carrier  
  198  19:38  Pylon  
  198  19:40  High Templar  
  200  19:47  Protoss Air Weapons Level 3 (Chrono Boost)  
  200  19:48  Archon  
  190  20:13  Observer  
  190  20:37  High Templar x2  
  194  20:55  Assimilator  
  194  20:58  Protoss Shields Level 2 (Chrono Boost)  
  194  21:09  Nexus  
  194  21:10  Pylon  
  181  21:20  High Templar  
  181  21:21  Carrier  
  185  21:26  Probe  
  168  21:45  Probe  
  160  21:53  Nexus, High Templar  
  160  22:29  Probe  
  153  22:33  Probe  
  121  22:47  Carrier  
  109  24:11  High Templar x4  
Show
View Real Time Build Order
Export as new Build Order

BabyMarine Terran 

Build Orders:  

Get SALT Encoding   

  12  0:00  SCV  
  13  0:12  SCV  
  14  0:17  Supply Depot  
  14  0:24  SCV  
  15  0:38  SCV  
  15  0:39  Barracks  
  16  0:48  Refinery  
  16  0:50  SCV  
  17  1:04  SCV  
  17  1:07  Engineering Bay  
  18  1:16  SCV  
  19  1:27  Marine  
  19  1:29  Orbital Command  
  20  1:47  Barracks Reactor  
  20  1:54  Command Center  
  20  1:59  SCV  
  21  2:07  Supply Depot  
  21  2:11  SCV  
  22  2:23  SCV  
  22  2:28  Barracks, Reaper x2  
  25  2:34  Refinery  
  25  2:36  SCV  
  26  2:40  Barracks  
  26  2:48  SCV  
  27  3:00  SCV, Marine x2  
  30  3:06  Orbital Command  
  30  3:15  Refinery  
  30  3:16  Barracks Tech Lab  
  30  3:18  SCV, Marine x2  
  33  3:29  Barracks Tech Lab  
  33  3:30  SCV  
  33  3:33  SCV  
  35  3:34  Stimpack  
  35  3:38  Marine  
  35  3:40  Marine  
  37  3:42  SCV, Marine  
  37  3:45  SCV  
  39  3:51  Combat Shield  
  39  3:54  SCV  
  41  3:56  Marine  
  41  3:59  Engineering Bay, SCV  
  41  4:00  Marine  
  43  4:03  Supply Depot  
  43  4:05  Marine  
  43  4:07  SCV, Marine  
  46  4:25  SCV, Marine x2, Marauder x2  
  46  4:27  Factory, Supply Depot  
  46  4:28  Supply Depot  
  46  4:29  SCV  
  54  4:36  Terran Infantry Weapons Level 1  
  54  4:39  SCV  
  54  4:41  SCV  
  54  4:42  Marine  
  57  4:47  Marauder x2  
  57  4:51  SCV  
  62  4:53  Refinery  
  62  4:54  Supply Depot  
  62  4:59  SCV  
  63  5:03  SCV  
  63  5:04  Marine x2  
  66  5:08  Marauder  
  66  5:10  Marauder  
  66  5:11  SCV  
  71  5:14  Concussive Shells  
  71  5:17  Starport  
  71  5:21  SCV  
  72  5:25  Supply Depot  
  72  5:29  Refinery  
  71  5:39  Factory Reactor, Marauder x2  
  71  5:40  SCV  
  71  5:41  SCV  
  77  5:50  Command Center  
  77  5:53  SCV, Marine x2  
  80  6:04  Marauder x2  
  84  6:06  SCV  
  84  6:07  Barracks  
  84  6:08  SCV  
  84  6:09  Barracks  
  86  6:18  Medivac, Supply Depot x2  
  86  6:19  Medivac  
  86  6:22  Marine, Factory Reactor  
  86  6:24  SCV  
  86  6:25  SCV  
  93  6:29  Marine  
  94  6:33  Terran Infantry Armor Level 1  
  94  6:39  Marauder x2  
  97  6:47  SCV  
  97  6:48  SCV, Medivac  
  97  6:49  Marine x2, Medivac  
  105  6:55  Barracks Tech Lab, Barracks Reactor  
  105  7:00  Armory  
  105  7:01  Marauder  
  107  7:02  Engineering Bay  
  107  7:05  SCV x2  
  109  7:08  Marine  
  109  7:09  Marauder  
  112  7:16  Widow Mine x2  
  112  7:17  Marine  
  112  7:18  Marauder  
  112  7:22  Marine  
  120  7:23  SCV x2  
  122  7:35  Marine  
  122  7:36  Marauder  
  125  7:39  Supply Depot, Marine  
  125  7:40  Supply Depot  
  118  7:48  Marine x2, Marauder x2  
  116  7:51  SCV  
  116  7:54  Medivac x2, Widow Mine x2  
  117  7:58  Orbital Command  
  117  8:01  Marine x2  
  119  8:07  Marine x2, Marauder  
  119  8:12  Terran Infantry Weapons Level 2  
  123  8:19  Marine, Marauder x2  
  128  8:20  SCV  
  128  8:27  Marine x2  
  128  8:28  Marine  
  128  8:29  Marauder  
  128  8:32  SCV  
  132  8:37  Widow Mine x2  
  136  8:43  Refinery x2  
  136  8:44  Supply Depot  
  136  8:45  SCV x2, Supply Depot  
  136  8:46  SCV  
  136  8:47  Marine  
  138  8:55  Bunker  
  138  8:56  Supply Depot  
  138  8:58  Ghost Academy  
  138  8:59  Terran Infantry Armor Level 2  
  139  9:05  Viking x2  
  139  9:06  Marine x2, Marauder  
  144  9:24  Marine x2, Marauder  
  144  9:25  Marauder  
  144  9:27  Marauder  
  148  9:35  Viking x2  
  152  9:45  Ghost x2  
  152  9:46  Enhanced Shockwaves  
  156  9:53  Command Center  
  156  9:55  Missile Turret  
  156  9:56  Ghost, Missile Turret  
  158  10:05  Viking  
  158  10:06  SCV x3  
  158  10:15  Viking, Ghost  
  158  10:17  Marine x2  
  164  10:31  Barracks  
  164  10:32  Barracks, SCV  
  164  10:34  Viking  
  164  10:35  Barracks, SCV x2  
  169  10:41  Marine x3, Marauder  
  168  11:00  Marine x2, Marauder x2  
  173  11:04  SCV  
  168  11:16  Marine  
  168  11:17  Marine, Marauder  
  136  11:21  Marine x2  
  136  11:22  Marauder x2  
  136  11:25  SCV  
  143  11:26  SCV x2  
  143  11:28  Barracks Tech Lab x2, Barracks Reactor  
  143  11:36  Marine x2  
  143  11:38  Marauder  
  143  11:39  Marine  
  148  11:43  Marauder x2  
  148  11:46  SCV  
  137  11:47  Marine x2  
  137  11:48  Marauder  
  140  11:59  Marine x3, Widow Mine x2  
  140  12:00  Marauder  
  140  12:01  SCV x2  
  149  12:04  Marauder  
  149  12:05  Marine x2, Marauder  
  149  12:06  Viking x2, Marauder  
  161  12:09  Marauder  
  161  12:15  Marine  
  161  12:17  Marine  
  161  12:19  Marine x2  
  161  12:20  Ghost  
  163  12:23  Marine  
  163  12:25  Ghost  
  163  12:26  Marine  
  163  12:27  Marauder x2  
  165  12:30  Marine  
  165  12:36  SCV x2, Marine x2  
  169  12:39  Marine x2  
  169  12:41  SCV  
  169  12:42  Marine  
  158  12:46  Marine  
  158  12:48  Marauder x2  
  162  12:52  SCV  
  162  12:55  Marine x2  
  162  12:56  Marauder  
  157  13:06  Marine  
  157  13:07  Marauder  
  160  13:15  Medivac x2, Command Center  
  160  13:16  Marine, Marauder  
  160  13:17  Marine, Marauder  
  170  13:26  Marine x2  
  176  13:27  Marine, Marauder x2  
  176  13:33  Marine, Marauder  
  176  13:34  Marine  
  181  13:59  Marine, Marauder  
  181  14:00  Marine  
  181  14:02  Marauder  
  181  14:04  Marauder  
  181  14:23  Terran Infantry Weapons Level 3, Terran Infantry Armor Level 3  
  181  14:26  Viking x2, Marine  
  181  14:27  Marauder  
  181  14:30  Planetary Fortress  
  194  14:36  Marine x2  
  196  14:39  Marauder  
  196  14:40  Ghost x2  
  196  14:41  Ghost  
  196  14:59  Missile Turret, Command Center  
  196  15:18  Command Center  
  196  15:24  Refinery, Terran Ship Weapons Level 1  
  196  15:28  Refinery, Fusion Core, Starport  
  196  15:29  Refinery  
  196  15:34  Ghost  
  196  15:36  Ghost  
  195  15:57  Missile Turret  
  195  15:58  Viking  
  195  16:03  Viking  
  196  16:10  SCV x4  
  200  16:16  Advanced Ballistics, Starport Reactor  
  183  16:39  Marine  
  166  16:40  Marauder  
  166  16:41  SCV  
  164  16:48  Medivac x2  
  164  16:52  Orbital Command  
  166  16:56  Liberator x2  
  172  17:06  Ghost  
  172  17:07  Ghost  
  176  17:09  Marauder x3  
  182  17:18  Missile Turret, Planetary Fortress  
  182  17:22  Sensor Tower, Command Center  
  182  17:30  Ghost, Refinery  
  182  17:32  Refinery  
  182  17:33  Liberator x2  
  190  17:40  Widow Mine x2  
  190  17:41  Command Center  
  190  18:04  Liberator x2  
  187  18:33  Marine x3, Marauder x2  
  164  18:35  Marine x6  
  141  18:50  Marine  
  141  18:51  Marine x2  
  141  18:53  Marine x5, Marauder  
  141  18:55  Marauder  
  150  18:56  Marauder  
  146  19:04  Viking x4  
  146  19:07  Orbital Command  
  146  19:08  Marine x3  
  155  19:10  Marine  
  155  19:11  Marauder  
  155  19:12  Marine x3  
  161  19:18  Marine x3  
  164  19:26  Marine  
  161  19:32  Marine x5  
  161  19:34  Medivac x2  
  170  19:46  Marine x4  
  170  19:51  Ghost x2  
  165  20:07  Marine x5  
  165  20:08  Ghost x2, Marine  
  175  20:15  SCV x5  
  175  20:16  SCV  
  181  20:24  Marine x2  
  181  20:25  Marine x3  
  184  20:38  Planetary Fortress  
  184  20:40  Missile Turret  
  184  20:42  Marine x7  
  189  20:50  Marine x2  
  189  20:51  Marine  
  189  20:56  Viking x2  
  189  20:57  Viking x2  
  197  21:25  Marine x2  
  197  21:26  Marine  
  197  21:30  Marine x2  
  189  21:45  Marine x5  
  189  21:46  Marine x2  
  185  21:47  Marauder x2  
  185  21:52  Viking x2  
  187  21:54  Liberator x2  
  187  21:55  Marine x2  
  195  22:03  Marine x5  
  195  22:10  Marine x2  
  189  22:17  Marine  
  147  22:30  Marine x8  
  147  22:35  Marine  
  112  22:41  Viking x2  
  102  22:48  Marine x8  
  108  22:53  Marine  
  96  23:06  Ghost x4, Marine x4  
  96  23:10  Marine  
  96  23:11  Medivac x2  
  101  23:23  Marine  
  101  23:24  Marine x3  
  102  23:28  Marine  
  95  23:41  Marine  
  95  23:45  Marine  
  95  23:48  Marine x3  
  60  24:10  Barracks  
  60  24:11  Barracks x2  
  60  24:12  Barracks  

Tags
 
Add a new tag
Caveats
  • Supply blocks, unpowered buildings, or Contaminate may cause inaccurate times.
  • Supply counts are checked every 10 seconds.